[Event "Team 45 45 League T23"]
[Site "Internet Chess Club"]
[Date "2004.07.11"]
[Round "5"]
[White "nanning"]
[Black "GadsHill"]
[Result "0-1"]
[WhiteElo "1486"]
[BlackElo "1509"]
[TimeControl "2700+45"]

1. e4 d6 2. d4 Nf6 3. Nc3 Nbd7 4. f4 e5 5. Nf3 exd4 6. Qxd4 c6 7. Be3 d5 8. exd5
Bc5 9. Qd3 O-O 10. O-O-O Qb6 11. Bxc5 Nxc5 12. Qc4 cxd5 13. Nxd5 Nxd5 14. Rxd5
Be6 15. Qxc5 Bxd5 16. Qxd5 Rad8 17. Qe4 Rfe8 18. Ne5 Rd4 19. Qf3 Qf6 20. g3 Rxe5
21. Bd3 Re7 22. Rd1 Red7 23. Re1 Qd8 24. Qe3 g6 25. Qe8+ Qxe8 26. Rxe8+ Kg7 27.
Re5 R4d5 28. Re4 Kf6 29. Ra4 a6 30. b3 Rd4 31. Ra5 R4d5 32. Ra4 R7d6 33. g4 b5
34. g5+ Ke7 35. Re4+ Re6 36. Rb4 Re1+ 37. Kb2 Rd6 38. a4 Rh1 39. axb5 axb5 40.
Re4+ Re6 41. Rxe6+ Kxe6 42. Bxb5 Rxh2 43. Bc4+ Ke7 44. b4 Kd6 45. b5 Kc5 46.
Bxf7 Kxb5 47. Kb3 Rh4 48. c4+ Kc5 49. Bg8 Rxf4 50. Bxh7 Rxc4 51. Bxg6 Rg4 52.
Bd3 Rxg5 53. Kc3 Rg3 54. Kc2 Kd4 55. Bb5 Ra3 56. Kb2 Re3 57. Kc2 Kc5 58. Kd2 Rg3
59. Ba6 Kb4 60. Ke2 Kc3 61. Kf2 Rh3 62. Bc8 Rh8 63. Be6 Kd4 64. Kg3 Ke5 65. Bd7
Rg8+ 66. Kf3 Rd8 67. Bb5 Rd4 68. Bc6 Kf5 69. Ke3 Ke5 70. Kf3 Rf4+ 71. Ke3 Rc4
72. Bb7 Rc3+ 73. Kd2 Kd4 74. Ke2 Ra3 75. Kf2 Rb3 76. Bc6 Re3 77. Bb7 Kd3 78.
Ba6+ Kd2 79. Bb7 Re7 80. Bd5 Re5 81. Bb7 Rf5+ 82. Kg3 Ke3 83. Bc8 Rg5+ 84. Kh4
Kf4 85. Bd7 Rg7 86. Be8 Rh7+ 87. Bh5 Rh8 {White resigns} 0-1

[Event "Team 45 45 League T23"]
[Site "Internet Chess Club"]
[Date "2004.07.13"]
[Round "5"]
[White "gator931"]
[Black "Glassywoman"]
[Result "0-1"]
[WhiteElo "1332"]
[BlackElo "1424"]
[TimeControl "2700+45"]

1. d4 d5 2. c4 dxc4 3. Nf3 b5 4. g3 Bb7 5. e3 Nf6 6. Bg2 Qc8 7. O-O e6 8. Nc3 a6
9. b3 Bb4 10. Bb2 Bxc3 11. Bxc3 cxb3 12. axb3 O-O 13. d5 Nxd5 14. Bxg7 Kxg7 15.
Qd4+ f6 16. Qg4+ Kf7 17. Qh5+ Kg7 18. Nd4 c6 19. Bh3 Nc7 20. Bg2 Qe8 21. Qg4+
Kh8 22. Be4 f5 23. Nxf5 exf5 24. Bxf5 c5 25. b4 Bc8 26. Bxc8 Qxc8 27. bxc5 Qxg4
{White resigns} 0-1

[Event "Team 45 45 League T23"]
[Site "Internet Chess Club"]
[Date "2004.07.12"]
[Round "5"]
[White "Ejykes72"]
[Black "Nikolay"]
[Result "0-1"]
[WhiteElo "1777"]
[BlackElo "2307"]
[TimeControl "2700+45"]

1. e4 c5 2. Nf3 Nc6 3. d4 cxd4 4. Nxd4 g6 5. c4 Bg7 6. Be3 Nf6 7. Nc3 Ng4 8.
Qxg4 Nxd4 9. Qd1 e5 10. Ne2 O-O 11. Nxd4 exd4 12. Bxd4 Qa5+ 13. Ke2 Re8 14. Qd3
d5 15. cxd5 Bd7 16. Bc3 Bxc3 17. bxc3 Rac8 18. Kd2 Qb6 19. Ke1 f5 20. f3 fxe4
21. fxe4 Bf5 22. Qd2 Rxe4+ 23. Kd1 Re3 24. Rc1 Rce8 25. h3 Qa5 26. Bc4 b5 27.
Bb3 Rd3 28. d6+ Kg7 29. Qxd3 Bxd3 30. Kd2 Bc4 31. Rce1 Rxe1 32. Rxe1 Qd8 33.
Re7+ Kf6 34. Rxa7 Qxd6+ 35. Kc2 Qd3+ 36. Kb2 Qd2+ 37. Ka3 Qxc3 38. Rb7 Qa5+ 39.
Kb2 Qd2+ 40. Ka3 Qxg2 41. Rb6+ Kg5 42. Bxc4 bxc4 43. h4+ Kxh4 44. Rb4 Qc2 45.
Rb2 Qc3+ {White resigns} 0-1

[Event "Team 45 45 League T23"]
[Site "Internet Chess Club"]
[Date "2004.07.10"]
[Round "5"]
[White "jtayar88"]
[Black "az2112"]
[Result "1-0"]
[WhiteElo "2206"]
[BlackElo "1714"]
[TimeControl "2700+45"]

1. e4 c5 2. Nf3 d6 3. d4 cxd4 4. Nxd4 Nf6 5. Nc3 a6 6. Bg5 e5 7. Bxf6 Qxf6 8.
Nd5 Qd8 9. Nf5 Nc6 10. Bc4 Qa5+ 11. c3 Bxf5 12. exf5 Ne7 13. b4 Qd8 14. Qa4+ Nc6
15. b5 axb5 16. Qxa8 bxc4 17. Qxb7 Qd7 18. Qxd7+ Kxd7 19. O-O Ne7 20. Nxe7 Bxe7
21. a4 Ra8 22. a5 Ra6 23. Rfb1 Kc6 24. Rb8 d5 25. Rc8+ Kd7 26. Rb8 Bd8 27. Kf1
Rxa5 28. Rxd8+ Kxd8 29. Rxa5 {Black resigns} 1-0

[Event "Team 45 45 League T23"]
[Site "Internet Chess Club"]
[Date "2004.07.12"]
[Round "5"]
[White "Chess2Play"]
[Black "MicroKidA"]
[Result "0-1"]
[WhiteElo "1669"]
[BlackElo "2019"]
[TimeControl "2700+45"]

1. d4 Nf6 2. c4 g6 3. Nc3 d5 4. cxd5 Nxd5 5. Nf3 Bg7 6. e4 Nxc3 7. bxc3 c5 8.
Bb5+ Bd7 9. Bxd7+ Qxd7 10. O-O O-O 11. Be3 Nc6 12. Qd2 b6 13. Bh6 e6 14. Bxg7
Kxg7 15. Rfd1 Rfd8 16. Qe3 Qe7 17. dxc5 Qxc5 18. Qxc5 bxc5 19. Rab1 Rab8 20. g3
Rxd1+ 21. Rxd1 Rb2 22. Rd2 Rb1+ 23. Kg2 Rc1 24. Rd6 Ne7 25. Rd7 Ng8 26. Rxa7
Rxc3 27. Ng5 Nh6 28. Nxe6+ Kf6 29. Nd8 c4 30. e5+ Kxe5 31. Nxf7+ Nxf7 32. Rxf7
h5 33. a4 Ra3 34. Re7+ Kd4 35. Rd7+ Kc5 36. Rg7 c3 37. a5 Rxa5 38. Rc7+ Kd4 39.
Kf1 Rc5 40. Rxc5 Kxc5 41. Ke2 Kd4 42. Kd1 Kd3 43. f4 Ke3 44. Kc2 Kf2 45. Kxc3
Kg2 46. Kd3 Kxh2 47. Ke3 Kxg3 {White resigns} 0-1

[Event "Team 45 45 League T23"]
[Site "Internet Chess Club"]
[Date "2004.07.08"]
[Round "5"]
[White "VincentB"]
[Black "Xidnan"]
[Result "0-1"]
[WhiteElo "1521"]
[BlackElo "1645"]
[TimeControl "2700+45"]

1. d4 d5 2. c4 e6 3. Nc3 Nf6 4. Nf3 Be7 5. e3 O-O 6. cxd5 exd5 7. Bd3 c6 8. O-O
Qc7 9. e4 dxe4 10. Nxe4 Nbd7 11. Qc2 Nd5 12. a3 N7f6 13. Nc3 Nxc3 14. bxc3 Bg4
15. Ne5 Bh5 16. Be2 Bxe2 17. Qxe2 Nd5 18. c4 Nf6 19. Bf4 Bd6 20. Qf3 c5 21. dxc5
Bxe5 22. Bxe5 Qxe5 {White resigns} 0-1

[Event "Team 45 45 League T23"]
[Site "Internet Chess Club"]
[Date "2004.07.14"]
[Round "5"]
[White "Aldos"]
[Black "GermanSevorin"]
[Result "1-0"]
[WhiteElo "2086"]
[BlackElo "2064"]
[TimeControl "2700+45"]

1. e4 e5 2. Nf3 Nc6 3. Bb5 a6 4. Ba4 d6 5. d4 b5 6. Bb3 Bg4 7. Bd5 Nxd4 8. Bxa8
Qxa8 9. Nc3 Nf6 10. Qd3 c5 11. h3 c4 12. Qd1 Nxe4 13. hxg4 b4 14. Nxd4 bxc3 15.
Nf5 cxb2 16. Bxb2 c3 17. Bc1 g6 18. Ne3 Qa7 19. Qd5 Nf6 20. Qc6+ Kd8 21. Rb1
{Black resigns} 1-0

[Event "Team 45 45 League T23"]
[Site "Internet Chess Club"]
[Date "2004.07.10"]
[Round "5"]
[White "billarvola"]
[Black "nminwalla"]
[Result "1-0"]
[WhiteElo "2021"]
[BlackElo "1702"]
[TimeControl "2700+45"]

1. d4 d5 2. c4 c6 3. Nf3 Nf6 4. Nc3 a6 5. c5 Bf5 6. Qb3 Qc8 7. h3 Nbd7 8. Bf4 e6
9. e3 Be7 10. Be2 O-O 11. O-O Re8 12. Qd1 Ne4 13. Bd3 Nxc3 14. bxc3 Bxd3 15.
Qxd3 f6 16. e4 Bf8 17. e5 f5 18. Nd2 b6 19. cxb6 Nxb6 20. Rab1 Nd7 21. g4 fxg4
22. hxg4 Be7 23. Kg2 Rf8 24. Rh1 g6 25. Qh3 Rf7 26. Be3 c5 27. f4 Nf8 28. Rb2
Rb8 29. Rxb8 Qxb8 30. Rb1 Qc7 31. Qf3 c4 32. Qd1 Qa5 33. Qc2 Nd7 34. Nf1 Bf8 35.
Nh2 Qc7 36. Qa4 Qc8 37. Nf3 Bh6 38. g5 Bf8 39. Nh2 Bg7 40. Ng4 Bf8 41. Kg3 Bg7
42. Bc1 Bf8 43. Ba3 Bg7 44. Bd6 Kh8 45. Qb4 Qe8 46. Qa5 Qc8 47. Qc7 Qg8 48. Qc6
Bf8 49. Qxa6 Bg7 {Black resigns} 1-0

[Event "Team 45 45 League T23"]
[Site "Internet Chess Club"]
[Date "2004.07.13"]
[Round "5"]
[White "MAdBorg"]
[Black "deer"]
[Result "0-1"]
[WhiteElo "1676"]
[BlackElo "1890"]
[TimeControl "2700+45"]

1. e4 Nf6 2. Nc3 d5 3. exd5 Nxd5 4. Nxd5 Qxd5 5. Nf3 e5 6. b3 Nc6 7. Bc4 Qd8 8.
d3 Be7 9. O-O O-O 10. Bb2 Bf6 11. Re1 Re8 12. Qe2 Bg4 13. h3 Bh5 14. g4 Bg6 15.
h4 h6 16. h5 Bh7 17. Qd2 Qd7 18. Nh2 Bg5 19. Qe2 e4 20. dxe4 Rxe4 21. Qf3 Rae8
22. Red1 Qe7 23. a4 Rf4 24. Qd5 Bxc2 25. Re1 Re4 26. Rxe4 Bxe4 27. Qd1 Ne5 28.
Bd5 Rd8 29. Qd4 Bxd5 30. Qxe5 Bf6 31. Qxe7 Bxe7 32. Rd1 Bxb3 {White resigns} 0-1